 Dungeon Sprint DCSS version 0.18-a0-1426-g3b9a63c (webtiles) character file.

520069 chei the Swordmaster (level 21, -17/224 HPs)
             Began as a Demonspawn Fighter on Feb 27, 2016.
             Was the Champion of Okawaru.
             Killed from afar by a hellion (22 damage)
             ... with a burst of hellfire
             ... summoned by Asmodeus
             ... in the Dungeon (Sprint IX: "|||||||||||||||||||||||||||||").
             The game lasted 00:37:21 (12258 turns).

chei the Swordmaster (Demonspawn Fighter)          Turns: 12258, Time: 00:37:22

Health: -17/224    AC: 39    Str: 27 (28) XL:     21   Next: 45%
Magic:  0/47       EV: 33    Int: 14 (15) God:    Okawaru [******]
Gold:   1660       SH: 31    Dex: 20      Spells: 0 memorised, 46 levels left

rFire  + + .     SeeInvis +     D - +9 demon blade (flame)
rCold  + + .     Gourm    .     w - +5 scale mail of Dim Light {-Tele rElec rN+ Stlth+}
rNeg   + . .     Faith    .     E - +3 large shield
rPois  +         Spirit   +     P - +0 helmet "Trusted Companion" {rPois rF+ MR- Int+5}
rElec  +         Dismiss  .     o - +2 cloak {MR+}
rCorr  +         Reflect  .     d - +0 pair of gloves of Light {MR++ rCorr MP+9}
SustAt .         Harm     .     (boots unavailable)
MR     ++++.     Rnd*Rage +     K - amulet of Yfufyn {Spirit MR+}
Stlth  +++++++++. NoTele   +    v - +4 ring of protection
                                z - +6 ring of dexterity

@: mighty, exhausted, resistant, heroism, finesse, very slightly contaminated,
hasted and slowed, incredibly resistant to hostile enchantments, incredibly
stealthy
A: claws 1, hooves 3, iridescent scales 3, see invisible, berserk 3, cold
resistance 1, deterioration 1, robust 1, screaming 2, spiny 3, weak 1, wild
magic 1, freezing cloud immunity
a: Heroism, Finesse, Renounce Religion
}: 9/15 runes: decaying, serpentine, barnacled, slimy, elven, silver, golden,
abyssal, gossamer


You were in the Dungeon.
You worshipped Okawaru.
Okawaru was exalted by your worship.
You were very full.

You visited 1 branch You collected 1952 gold pieces.
You spent 292 gold pieces at shops.

Inventory:

Hand Weapons
 a - a +1 long sword of draining
 b - the +6 demon blade "Qutzum" {venom, *Rage rF- Int+5 Dex+8}
   (Okawaru gifted it to you in the Dungeon)

   It poisons the flesh of those it strikes.
   It affects your intelligence (+5).
   It affects your dexterity (+8).
   It makes you vulnerable to fire.
   It may make you go berserk in combat.
 k - a +1 rapier of electrocution
 D - a +9 demon blade of flaming (weapon)
Armour
 d - the +0 pair of gloves of Light (worn) {MR++ rCorr MP+9}
   (Okawaru gifted it to you in the Dungeon)

   It affects your resistance to hostile enchantments.
   It affects your magic capacity (+9).
   It protects you from acid and corrosion.
 h - a +2 cloak of invisibility
 o - a +2 cloak of magic resistance (worn)
 p - a +1 fire dragon armour
 q - a +2 storm dragon armour
 r - the +0 hat of Awe {Dex+6 Stlth+}
   (Okawaru gifted it to you in the Dungeon)

   It affects your dexterity (+6).
   It makes you more stealthy.
 w - the +5 scale mail of Dim Light (worn) {-Tele rElec rN+ Stlth+}
   (Okawaru gifted it to you in the Dungeon)

   It insulates you from electricity.
   It protects you from negative energy.
   It prevents most forms of teleportation.
   It makes you more stealthy.
 E - a +3 large shield (worn)
 I - the +5 chain mail of the Tundras {rElec MR+ Regen+}
   (You found it in the Dungeon)

   It insulates you from electricity.
   It affects your resistance to hostile enchantments.
   It increases your rate of regeneration.
 P - the +0 helmet "Trusted Companion" (worn) {rPois rF+ MR- Int+5}
   (You found it in the Dungeon)

   It affects your intelligence (+5).
   It protects you from fire.
   It protects you from poison.
   It affects your resistance to hostile enchantments.
Jewellery
 v - a +4 ring of protection (right hand)
 z - a +6 ring of dexterity (left hand)
 K - the amulet of Yfufyn (around neck) {Spirit MR+}
   (You found it in the Dungeon)

   [amulet of guardian spirit]

   It causes incoming damage to be split between your health and magic.
   It affects your resistance to hostile enchantments.
 N - the amulet of Xom's Hope {RegenMP *Confuse rElec rN+ Str+7 Dex+4}
   (You found it in the Dungeon)

   [amulet of magic regeneration]

   It increases your magic regeneration.
   It affects your strength (+7).
   It affects your dexterity (+4).
   It insulates you from electricity.
   It protects you from negative energy.
   It may confuse you when you take damage.
 O - the amulet "Riky" {RegenMP rElec MR- Int+2 SInv}
   (You found it in the Dungeon)

   [amulet of magic regeneration]

   It increases your magic regeneration.
   It affects your intelligence (+2).
   It insulates you from electricity.
   It affects your resistance to hostile enchantments.
   It lets you see invisible.
Wands
 n - a wand of acid (0/15)
 T - a wand of hasting (4/9)
Scrolls
 c - 3 scrolls of fog
 l - 7 scrolls of remove curse
 m - 2 scrolls of amnesia
 u - a scroll of blinking
 x - 3 scrolls of fear
 y - 5 scrolls of enchant weapon
 R - 2 scrolls of recharging
Potions
 e - 9 potions of curing
 g - 9 potions of heal wounds
 i - 4 potions of magic
 j - 4 potions of brilliance
 C - a potion of degeneration
 Q - a potion of berserk rage
Miscellaneous
 F - the horn of Geryon
Comestibles
 f - 10 bread rations
 A - 39 fruits


   Skills:
 O Level 27 Fighting
 + Level 13.1(26.6) Short Blades
 O Level 27 Long Blades
 O Level 27 Armour
 O Level 27 Dodging
 O Level 27 Stealth
 O Level 27 Shields
 + Level 13.1 Spellcasting
 O Level 27 Invocations
 + Level 19.2 Evocations


You had 46 spell levels left.
You didn't know any spells.

Dungeon Overview and Level Annotations

Branches:
Dungeon (1/1)

Altars:
Cheibriados
Dithmenos
Elyvilon
Fedhas
Gozag
Kikubaaqudgha
Makhleb
Nemelex Xobeh
Okawaru
Pakellas
Qazlal
Ru
Sif Muna
Trog
Vehumet
Xom
Yredelemnul
Zin
The Shining One
Beogh
Jiyva
Lugonu

Shops:
D !=}=

Annotations:
D Asmodeus, Dispater


Innate Abilities, Weirdness & Mutations

You have hooves in place of feet.
You are completely covered in iridescent scales (AC +8).
Your flesh is cold resistant.
You are robust (+10% HP).
You are completely covered in sharp spines.
You are immune to freezing clouds.
You have sharp fingernails.
You have supernaturally acute eyesight.
You have an uncontrollable temper.
Your body sometimes deteriorates upon taking damage.
You sometimes yell uncontrollably at your foes.
You are weak. (Str -2)
Your spells are a little harder to cast, but a little more powerful.


Message History

* * * LOW HITPOINT WARNING * * *
The burst of hellfire engulfs the hellion.
The hellion completely resists.
The burst of hellfire engulfs Asmodeus.
Asmodeus completely resists.
Unknown command.
Read which item? (? for menu, Esc to quit)
You cannot teleport because you are wearing the +5 scale mail of Dim Light {-Tele rElec rN+ Stlth+}.
You slash the hellion! You kick the hellion.
The hellion is heavily wounded.
You are engulfed in roaring flames.
You resist. Asmodeus gestures at you.
The hellfire explodes!
The blast of hellfire engulfs you!
* * * LOW HITPOINT WARNING * * *
Your body deteriorates!
You feel weakened.
The blast of hellfire engulfs the hellion.
The hellion completely resists.
The blast of hellfire engulfs Asmodeus.
Asmodeus completely resists.
The hellion gestures at you.
The hellfire explodes!
The burst of hellfire engulfs you!
You die...

▓.▓.▓.▓.▓)▓.▓.▓.▓.
▓.▓.▓.▓.▓)▓.▓.▓.▓.
▓.▓.▓'▓.▓.▓.▓.▓.▓.
▓.▓.▓.▓.▓.▓.▓.▓.▓)
▓.▓.▓.▓.▓.▓.▓.▓.▓.
▓.▓.▓.▓.▓'▓.▓.▓.▓.
▓'▓.▓.▓.▓.▓.▓.▓.▓)
▓2▓.▓.▓.▓.▓.▓.▓.▓)
▓@▓.▓.▓.▓[▓.▓.▓.▓.
▓&▓.▓.▓.▓.▓.▓.▓.▓.
▓&▓.▓.▓.▓.▓.▓.▓.▓.
▓2▓.▓.▓.▓.▓.▓.▓.▓.
▓2▓.▓'▓.▓.▓.▓.▓.▓.
▓2▓.▓.▓.▓.▓.▓'▓.▓.
▓2▓.▓.▓.▓.▓.▓.▓.▓.
▓φ▓.▓.▓.▓.▓.▓.▓.▓.
*§▓.▓.▓.▓.▓.▓)▓.▓)


You could see Asmodeus, Dispater, a lorocyproca (invisible), a balrug and 3
hellions.

Vanquished Creatures
  Antaeus (D)
  the Royal Jelly (D)
  Mnoleg (D)
  4 ancient liches (D)
  2 orbs of fire (D)
  6 greater mummies (D)
  Boris (D)
  Geryon (D)
  A Killer Klown (D)
  4 golden dragons (D)
  Nikola (D)
  4 electric golems (D)
  A tentacled monstrosity (D)
  Rupert (D)
  A titan (D)
  27 Orb Guardians (D)
  10 acid blobs (D)
  4 liches (D)
  13 sphinxes (D)
  2 deep elf master archers (D)
  2 deep elf blademasters (D)
  2 death cobs (D)
  Kirke (D)
  2 large abominations (D)
  9 shadow dragons (D)
  4 greater nagas (D)
  2 storm dragons (D)
  2 draconian monks (D)
  6 azure jellies (D)
  Ilsuiw (D)
  A fire giant (D)
  2 frost giants (D)
  4 deep elf sorcerers (D)
  A draconian knight (D)
  Aizul (D)
  3 draconian scorchers (D)
  A vault warden (D)
  3 draconian shifters (D)
  2 ghost moths (D)
  3 ironheart preservers (D)
  2 draconian annihilators (D)
  2 very ugly things (D)
  4 stone giants (D)
  8 vampire knights (D)
  2 deep elf demonologists (D)
  3 green draconians (D)
  A yellow draconian (D)
  2 black draconians (D)
  2 mottled draconians (D)
  4 purple draconians (D)
  2 spark wasps (D)
  3 red draconians (D)
  An ettin (D)
  Snorg (D)
  3 mummy priests (D)
  A blizzard demon (D)
  5 merfolk javelineers (D)
  4 death oozes (D)
  25 vault guards (D)
  5 fire dragons (D)
  2 deep elf death magi (D)
  2 deep elf high priests (D)
  3 yaktaur captains (D)
  4 merfolk impalers (D)
  5 great orbs of eyes (D)
  7 hydras (D)
  4 naga warriors (D)
  9 ice dragons (D)
  A catoblepas (D)
  An anaconda (D)
  4 merfolk aquamancers (D)
  A ghost crab (D)
  4 centaur warriors (D)
  A deep troll earth mage (D)
  An orc high priest (D)
  2 tengu warriors (D)
  2 ogre magi (D)
  2 satyrs (D)
  A deep elf knight (D)
  A spriggan berserker (D)
  A fire crab (D)
  5 hell knights (D)
  An unseen horror (D)
  A salamander mystic (D)
  An unseen horror (shapeshifter) (D)
  4 deep trolls (D)
  6 swamp dragons (D)
  A flayed ghost (D)
  3 hill giants (D)
  A deep elf archer (D)
  7 orc knights (D)
  An ironbrand convoker (D)
  A harpy (D)
  A naga ritualist (D)
  A griffon (D)
  2 wizards (D)
  6 wolf spiders (D)
  A manticore (D)
  3 ugly things (D)
  5 cyclopes (D)
  11 moths of wrath (D)
  3 naga magi (D)
  Joseph (D)
  3 vault sentinels (D)
  2 water nymphs (D)
  2 guardian serpents (D)
  3 black mambas (D)
  A spiny frog (D)
  A komodo dragon (D)
  A rime drake (D)
  4 demonic crawlers (D)
  A rime drake (shapeshifter) (D)
  2 freezing wraiths (D)
  19 guardian mummies (D)
  2 jumping spiders (D)
  A wandering mushroom (D)
  4 trolls (D)
  A merfolk (shapeshifter) (D)
  3 polar bears (D)
  A two-headed ogre (D)
  A bog body (D)
  A boulder beetle (D)
  A raiju (D)
  3 slime creatures (D)
  2 snapping turtles (D)
  11 spriggans (D)
  A water elemental (D)
  2 yaks (D)
  7 redbacks (D)
  A human (shapeshifter) (D)
  A hog (D)
  2 basilisks (D)
  A golden eye (D)
  A chaos spawn (D)
  4 small abominations (D)
  3 nagas (D)
  2 porcupines (D)
  5 black bears (D)
  13 orc warriors (D)
  A sky beast (D)
  2 swamp drakes (D)
  An ice beast (D)
  A necrophage (D)
  A phantom (D)
  A wasp (D)
  An eye of draining (D)
  A centaur (D)
  2 crocodiles (D)
  2 giant frogs (D)
  A scorpion (D)
  A wight (D)
  A crimson imp (D)
  A jelly (D)
  2 orc priests (D)
  2 river rats (D)
  An adder (D)
  A giant eyeball (D)
  9 orcs (D)
  2 bats (D)
  3 bat zombies (D)
  A giant cockroach (D)
  2 hobgoblins (D)
  A quokka (D)
  2 giant gecko skeletons (D)
  A jackal skeleton (D)
  A jackal zombie (D)
  A quokka zombie (D)
  A rat (D)
  A crawling corpse (D)
503 creatures vanquished.

Vanquished Creatures (others)
  Margery (D)
  A merfolk aquamancer (D)
  An ogre mage (D)
  A naga mage (D)
  2 spiny frogs (D)
  A spriggan (D)
  A human (D)
  A swamp drake (D)
  A wasp (D)
10 creatures vanquished.

Grand Total: 513 creatures vanquished

Notes
Turn   | Place    | Note
--------------------------------------------------------------
     0 | D        | chei the Demonspawn Fighter began the quest for the Orb.
     0 | D        | Reached XP level 1. HP: 18/18 MP: 1/1
    17 | D        | Noticed a necrophage
    17 | D        | Noticed a jelly
    26 | D        | Killed a necrophage
    26 | D        | Reached skill level 5 in Fighting
    26 | D        | Reached skill level 5 in Shields
    26 | D        | Gained mutation: You have large cloven feet. [demonic ancestry]
    26 | D        | Reached XP level 2. HP: 20/27 MP: 2/2
    26 | D        | Gained mutation: Your flesh is cold resistant. [demonic ancestry]
    26 | D        | Reached XP level 3. HP: 24/33 MP: 3/3
    26 | D        | Gained mutation: You have hoof-like feet. [demonic ancestry]
    26 | D        | Reached XP level 4. HP: 28/39 MP: 4/4
    35 | D        | Reached skill level 5 in Armour
    35 | D        | Reached skill level 1 in Dodging
    41 | D        | Found a glowing silver altar of Zin.
    41 | D        | Found a glowing golden altar of the Shining One.
    41 | D        | Found an ancient bone altar of Kikubaaqudgha.
    41 | D        | Found a basalt altar of Yredelemnul.
    41 | D        | Found a shimmering altar of Xom.
    41 | D        | Found a radiant altar of Vehumet.
    42 | D        | Found an iron altar of Okawaru.
    43 | D        | Found a burning altar of Makhleb.
    44 | D        | Found a deep blue altar of Sif Muna.
    45 | D        | Found a bloodstained altar of Trog.
    46 | D        | Found a sparkling altar of Nemelex Xobeh.
    47 | D        | Found a white marble altar of Elyvilon.
    48 | D        | Found a roughly hewn altar of Beogh.
    49 | D        | Found a viscous altar of Jiyva.
    50 | D        | Found a corrupted altar of Lugonu.
    51 | D        | Found a blossoming altar of Fedhas.
    52 | D        | Found a snail-covered altar of Cheibriados.
    53 | D        | Found a shadowy altar of Dithmenos.
    54 | D        | Found a stormy altar of Qazlal.
    55 | D        | Found an opulent altar of Gozag.
    56 | D        | Found a sacrificial altar of Ru.
    57 | D        | Found an oddly glowing altar of Pakellas.
   312 | D        | Became a worshipper of Warmaster Okawaru
   337 | D        | Got the +2 scimitar of the Scavenger {speed, rF+ Str+3 Dex+4 SInv}
   381 | D        | Noticed a sky beast
   393 | D        | Reached XP level 5. HP: 46/46 MP: 5/5
   403 | D        | Killed a sky beast
   418 | D        | Noticed a two-headed ogre
   418 | D        | Noticed a centaur warrior
   418 | D        | Noticed a centaur
   418 | D        | Noticed a seven-headed hydra
   418 | D        | Noticed a phantom
   423 | D        | Gained mutation: You are partially covered in iridescent scales (AC +4). [demonic ancestry]
   423 | D        | Reached XP level 6. HP: 53/55 MP: 6/6
   423 | D        | Killed a two-headed ogre
   423 | D        | Reached * piety under Okawaru
   423 | D        | Reached skill level 5 in Long Blades
   428 | D        | Killed a centaur warrior
   428 | D        | Reached ** piety under Okawaru
   428 | D        | Reached skill level 1 in Stealth
   428 | D        | Reached skill level 1 in Evocations
   428 | D        | Gained mutation: You have hooves in place of feet. [demonic ancestry]
   428 | D        | Reached XP level 7. HP: 64/64 MP: 6/8
   428 | D        | Reached XP level 8. HP: 71/71 MP: 6/9
   431 | D        | Killed a nine-headed hydra
   431 | D        | Reached skill level 5 in Dodging
   818 | D        | Noticed a komodo dragon
   820 | D        | Noticed a catoblepas
   828 | D        | Killed a komodo dragon
   828 | D        | Reached *** piety under Okawaru
   828 | D        | Reached skill level 10 in Fighting
   828 | D        | Reached skill level 10 in Shields
   828 | D        | Gained mutation: You are partially covered in sharp spines. [demonic ancestry]
   828 | D        | Reached XP level 9. HP: 78/78 MP: 7/10
   829 | D        | Noticed a griffon
   859 | D        | Killed a catoblepas
   859 | D        | Reached **** piety under Okawaru
   859 | D        | Reached skill level 5 in Invocations
   881 | D        | Killed a griffon
  1117 | D        | Noticed a four-headed hydra
  1117 | D        | Noticed a rime drake
  1124 | D        | Killed a nine-headed hydra
  1124 | D        | Reached ***** piety under Okawaru
  1124 | D        | Reached skill level 10 in Long Blades
  1124 | D        | Gained mutation: You are mostly covered in sharp spines. [demonic ancestry]
  1124 | D        | Reached XP level 10. HP: 76/86 MP: 11/15
  1146 | D        | Received a gift from Okawaru
  1151 | D        | Got a pair of ancient gloves {god gift}
  1157 | D        | Identified the +0 pair of gloves of Light {MR++ rCorr MP+9} (Okawaru gifted it to you in the Dungeon)
  1158 | D        | Noticed a black mamba
  1165 | D        | Killed a black mamba
  1461 | D        | Noticed an orc high priest
  1461 | D        | Noticed an orc knight
  1476 | D        | Killed an orc high priest
  1501 | D        | Killed an orc knight
  1501 | D        | Reached skill level 10 in Invocations
  1501 | D        | Reached XP level 11. HP: 70/93 MP: 18/18
  1505 | D        | Reached skill level 5 in Stealth
  1510 | D        | Reached skill level 10 in Armour
  1661 | D        | Found Mughuno's Distillery.
  1661 | D        | Noticed a deep troll
  1661 | D        | Noticed an ogre mage
  1663 | D        | Noticed a deep troll
  1667 | D        | Noticed an ogre mage
  1675 | D        | Killed a deep troll
  1676 | D        | Found Omagoudgh's Jewellery Shoppe.
  1694 | D        | Killed an ogre mage
  1694 | D        | Received a gift from Okawaru
  1700 | D        | Killed a deep troll
  1701 | D        | Found Seomuth's Gadget Emporium.
  1705 | D        | Killed an ogre mage
  1716 | D        | Got a bone demon blade {god gift}
  1717 | D        | Identified the +6 demon blade "Qutzum" {venom, *Rage rF- Int+5 Dex+8} (Okawaru gifted it to you in the Dungeon)
  1722 | D        | Found Sinegaj's Jewellery Shoppe.
  1724 | D        | Noticed a hill giant
  1725 | D        | Noticed a hill giant
  1726 | D        | Noticed a deep troll
  1727 | D        | Noticed a hill giant
  1728 | D        | Noticed a deep troll
  1732 | D        | Killed a hill giant
  1737 | D        | Killed a hill giant
  1740 | D        | Killed a deep troll
  1743 | D        | Killed a hill giant
  1745 | D        | Killed a deep troll
  1745 | D        | Reached skill level 15 in Long Blades
  1905 | D        | Bought a potion of might for 52 gold pieces
  1905 | D        | Bought a potion of haste for 130 gold pieces
  1905 | D        | Bought a potion of mutation for 32 gold pieces
  1905 | D        | Bought a potion of curing for 39 gold pieces
  1905 | D        | Bought a potion of curing for 39 gold pieces
  1905 | D        | Gained mutation: You occasionally shout uncontrollably at your foes. [potion of mutation]
  1905 | D        | Gained mutation: You have supernaturally acute eyesight. [potion of mutation]
  1905 | D        | Gained mutation: You are dopey. (Int -2) [potion of mutation]
  2123 | D        | Noticed a cyan ugly thing
  2133 | D        | Noticed a stone giant
  2135 | D        | Killed a cyan ugly thing
  2135 | D        | Reached XP level 12. HP: 103/103 MP: 21/21
  2141 | D        | Reached skill level 10 in Dodging
  2142 | D        | Noticed a fire dragon
  2149 | D        | Killed a stone giant
  2149 | D        | Received a gift from Okawaru
  2152 | D        | Noticed a centaur warrior
  2161 | D        | Noticed a stone giant
  2181 | D        | Killed a fire dragon
  2189 | D        | Killed a centaur warrior
  2189 | D        | Reached ****** piety under Okawaru
  2415 | D        | Killed a stone giant
  2492 | D        | Got an ancient scimitar {god gift}
  2632 | D        | Identified the +2 scimitar of Humy {venom, rC+ MR- Int+2 Dex+3} (Okawaru gifted it to you in the Dungeon)
  2745 | D        | Noticed an anaconda
  2745 | D        | Noticed a naga warrior
  2749 | D        | Noticed a naga warrior
  2752 | D        | Killed an anaconda
  2762 | D        | Received a gift from Okawaru
  2766 | D        | Killed a naga warrior
  2779 | D        | Killed a naga warrior
  3108 | D        | Got a steaming hat {god gift}
  3129 | D        | Identified the +0 hat of Awe {Dex+6 Stlth+} (Okawaru gifted it to you in the Dungeon)
  3149 | D        | Noticed a spark wasp
  3167 | D        | Killed a spark wasp
  3391 | D        | Noticed a satyr
  3391 | D        | Noticed a satyr
  3391 | D        | Noticed a merfolk aquamancer
  3397 | D        | Killed a satyr
  3397 | D        | Gained mutation: You are mostly covered in iridescent scales (AC +6). [demonic ancestry]
  3397 | D        | Reached XP level 13. HP: 106/112 MP: 24/24
  3398 | D        | Noticed a merfolk javelineer
  3416 | D        | Reached skill level 15 in Invocations
  3430 | D        | Killed a merfolk javelineer
  3445 | D        | Noticed a white very ugly thing
  3461 | D        | Killed a white very ugly thing
  3546 | D        | Gained mutation: You are clumsy. (Dex -2) [mutagenic meat]
  3547 | D        | Gained mutation: You tend to lose your temper in combat. [mutagenic meat]
  3548 | D        | Gained mutation: Your spells are a little harder to cast, but a little more powerful. [mutagenic meat]
  3549 | D        | Gained mutation: You often lose your temper in combat. [mutagenic meat]
  3551 | D        | Lost mutation: You are dopey. (Int -2) [mutagenic meat]
  3553 | D        | Gained mutation: You sometimes yell uncontrollably at your foes. [mutagenic meat]
  3555 | D        | Gained mutation: Armour fits poorly on your strangely shaped body. [mutagenic meat]
  3569 | D        | Lost mutation: You sometimes yell uncontrollably at your foes. [potion of cure mutation]
  3569 | D        | Lost mutation: Your spells are a little harder to cast, but a little more powerful. [potion of cure mutation]
  3579 | D        | Noticed Snorg
  3587 | D        | Killed Snorg
  3629 | D        | Noticed Joseph
  3630 | D        | Noticed Rupert
  3647 | D        | Killed Rupert
  3647 | D        | Received a gift from Okawaru
  3651 | D        | Killed Joseph
  3689 | D        | Noticed a lich
  3689 | D        | Noticed a frost giant
  3689 | D        | Noticed a spark wasp
  3691 | D        | Gained mutation: You are completely covered in iridescent scales (AC +8). [potion of mutation]
  3691 | D        | Lost mutation: You are clumsy. (Dex -2) [potion of mutation]
  3691 | D        | Gained mutation: You have sharp fingernails. [potion of mutation]
  3694 | D        | Noticed a purple very ugly thing
  3695 | D        | Killed a lich
  3703 | D        | Killed a frost giant
  3713 | D        | Noticed a stone giant
  3714 | D        | Killed a purple very ugly thing
  3718 | D        | Killed a spark wasp
  3733 | D        | Received a gift from Okawaru
  3745 | D        | Killed a stone giant
  3745 | D        | Reached skill level 15 in Fighting
  3745 | D        | Reached XP level 14. HP: 74/123 MP: 26/26
  3753 | D        | Got an ichor-stained war axe {god gift}
  3783 | D        | Lost mutation: Armour fits poorly on your strangely shaped body. [mutagenic meat]
  3908 | D        | Noticed a vampire knight
  3932 | D        | Noticed a frost giant
  3935 | D        | Reached skill level 15 in Shields
  4355 | D        | Killed a vampire knight
  4378 | D        | Killed a frost giant
  4411 | D        | Noticed a vault warden
  4436 | D        | Killed a vault warden
  4436 | D        | Received a gift from Okawaru
  4483 | D        | Noticed an ironheart preserver
  4498 | D        | Killed an ironheart preserver
  4646 | D        | Identified the +3 war axe of Outrage {vamp, +Rage rN+++ MR-} (Okawaru gifted it to you in the Dungeon)
  4683 | D        | Noticed Nikola
  4703 | D        | Killed Nikola
  4703 | D        | Received a gift from Okawaru
  4984 | D        | Noticed a greater naga
  4986 | D        | Noticed a greater naga
  4991 | D        | Noticed a greater naga
  4998 | D        | Killed a greater naga
  5006 | D        | Killed a greater naga
  5013 | D        | Killed a greater naga
  5014 | D        | Noticed a greater naga
  5034 | D        | Killed a greater naga
  5034 | D        | Received a gift from Okawaru
  5040 | D        | Got a serpentine rune of Zot
  5084 | D        | Noticed a ghost moth
  5089 | D        | Noticed a ghost moth
  5096 | D        | Gained mutation: You are completely covered in sharp spines. [demonic ancestry]
  5096 | D        | Reached XP level 15. HP: 132/132 MP: 0/28
  5107 | D        | Killed a ghost moth
  5115 | D        | Killed a ghost moth
  5138 | D        | Got a gossamer rune of Zot
  5255 | D        | Noticed Ilsuiw
  5277 | D        | Killed Ilsuiw
  5332 | D        | Got a barnacled rune of Zot
  5665 | D        | Received a gift from Okawaru
  6004 | D        | Got a decaying rune of Zot
  6064 | D        | Noticed Boris
  6066 | D        | Noticed Kirke
  6081 | D        | Killed Boris
  6086 | D        | Killed Kirke
  6093 | D        | Noticed Margery
  6118 | D        | Killed Margery
  6137 | D        | Received a gift from Okawaru
  6153 | D        | Noticed Aizul
  6170 | D        | Killed Aizul
  6174 | D        | Gained mutation: Your spells are a little harder to cast, but a little more powerful. [mutagenic meat]
  6176 | D        | Gained mutation: You sometimes yell uncontrollably at your foes. [mutagenic meat]
  6205 | D        | Reached XP level 16. HP: 143/143 MP: 31/31
  6329 | D        | Reached skill level 27 in Long Blades
  6343 | D        | Noticed a shadow dragon
  6352 | D        | Received a gift from Okawaru
  6366 | D        | Noticed a sphinx
  6372 | D        | Killed a shadow dragon
  6385 | D        | Noticed a shadow dragon
  6389 | D        | Noticed a shadow dragon
  6397 | D        | Killed a sphinx
  6410 | D        | Killed a shadow dragon
  6415 | D        | Killed a shadow dragon
  6803 | D        | Noticed a shadow dragon
  6803 | D        | Noticed a titan
  6803 | D        | Noticed a shadow dragon
  6817 | D        | Noticed a shadow dragon
  6826 | D        | Killed a shadow dragon
  6829 | D        | Noticed a shadow dragon
  6847 | D        | Killed a titan
  6856 | D        | Killed a shadow dragon
  6865 | D        | Killed a shadow dragon
  6876 | D        | Killed a shadow dragon
  6879 | D        | Reached skill level 15 in Dodging
  6884 | D        | Got a silver rune of Zot
  6895 | D        | Got a spiked chain mail
  6906 | D        | Identified the +5 chain mail of the Tundras {rElec MR+ Regen+} (You found it in the Dungeon)
  7056 | D        | Got the amulet of Yfufyn {Spirit MR+}
  7058 | D        | Got the ring "Enneac" {MR+ Int+6}
  7060 | D        | Got the ring "Lytwyn" {+Fly rPois rN+ MR+ Str-5}
  7062 | D        | Got the amulet of Xom's Hope {RegenMP *Confuse rElec rN+ Str+7 Dex+4}
  7064 | D        | Got the amulet "Riky" {RegenMP rElec MR- Int+2 SInv}
  7084 | D        | Got the +0 helmet "Trusted Companion" {rPois rF+ MR- Int+5}
  7363 | D        | Received a gift from Okawaru
  7407 | D        | Noticed a storm dragon
  7415 | D        | Killed a storm dragon
  7415 | D        | Reached XP level 17. HP: 158/158 MP: 33/33
  7546 | D        | Received a gift from Okawaru
  7565 | D        | Received a gift from Okawaru
  7620 | D        | Noticed a golden dragon
  7633 | D        | Noticed a tentacled monstrosity
  7648 | D        | Killed a golden dragon
  7659 | D        | Killed a tentacled monstrosity
  7672 | D        | Reached skill level 27 in Invocations
  8093 | D        | Noticed an Orb Guardian
  8093 | D        | Noticed an Orb Guardian
  8093 | D        | Noticed an Orb Guardian
  8093 | D        | Noticed an Orb Guardian
  8093 | D        | Noticed an Orb Guardian
  8093 | D        | Noticed an Orb Guardian
  8096 | D        | Noticed an Orb Guardian
  8104 | D        | Killed an Orb Guardian
  8104 | D        | Received a gift from Okawaru
  8111 | D        | Killed an Orb Guardian
  8118 | D        | Killed an Orb Guardian
  8126 | D        | Killed an Orb Guardian
  8126 | D        | Gained mutation: You are robust (+10% HP). [demonic ancestry]
  8126 | D        | Reached XP level 18. HP: 191/191 MP: 35/35
  8127 | D        | Noticed an Orb Guardian
  8129 | D        | Killed an Orb Guardian
  8130 | D        | Noticed an Orb Guardian
  8134 | D        | Killed an Orb Guardian
  8141 | D        | Killed an Orb Guardian
  8147 | D        | Killed an Orb Guardian
  8147 | D        | Received a gift from Okawaru
  8153 | D        | Killed an Orb Guardian
  8171 | D        | Noticed an Orb Guardian
  8179 | D        | Killed an Orb Guardian
  8185 | D        | Noticed an Orb Guardian
  8185 | D        | Noticed an Orb Guardian
  8186 | D        | Noticed an Orb Guardian
  8187 | D        | Noticed an Orb Guardian
  8214 | D        | Killed an Orb Guardian
  8222 | D        | Killed an Orb Guardian
  8229 | D        | Killed an Orb Guardian
  8229 | D        | Reached skill level 27 in Shields
  8234 | D        | Killed an Orb Guardian
  8285 | D        | Noticed an ancient lich
  8294 | D        | Killed an ancient lich
  8294 | D        | Received a gift from Okawaru
  8297 | D        | Noticed an orb of fire
  8320 | D        | Gained mutation: Your body sometimes deteriorates upon taking damage. [an orb of fire]
  8322 | D        | Gained mutation: You have an uncontrollable temper. [an orb of fire]
  8326 | D        | Killed an orb of fire
  8326 | D        | Reached skill level 27 in Fighting
  8483 | D        | Noticed an electric golem
  8490 | D        | Killed an electric golem
  8502 | D        | Got a translucent scale mail {god gift}
  8509 | D        | Noticed a golden dragon
  8509 | D        | Noticed a Killer Klown
  8509 | D        | Noticed an Orb Guardian
  8509 | D        | Noticed an electric golem
  8511 | D        | Noticed an orb of fire
  8515 | D        | Noticed a golden dragon
  8524 | D        | Gained mutation: You are weak. (Str -2) [an orb of fire]
  8534 | D        | Noticed an ancient lich
  8537 | D        | Killed an orb of fire
  8537 | D        | Reached skill level 15 in Armour
  8543 | D        | Killed a golden dragon
  8561 | D        | Noticed an electric golem
  8561 | D        | Killed an electric golem
  8567 | D        | Killed an Orb Guardian
  8585 | D        | Killed a Killer Klown
  8587 | D        | Noticed a tentacled monstrosity
  8596 | D        | Killed an ancient lich
  8596 | D        | Reached XP level 19. HP: 178/207 MP: 36/36
  8601 | D        | Noticed a golden dragon
  8606 | D        | Noticed an electric golem
  8612 | D        | Killed a golden dragon
  8627 | D        | Killed a golden dragon
  8635 | D        | Killed an electric golem
  8648 | D        | Killed an electric golem
  8769 | D        | Received a gift from Okawaru
  8796 | D        | Reached skill level 27 in Dodging
  9004 | D        | Noticed a lich
  9041 | D        | Killed a lich
  9068 | D        | Noticed an ancient lich
  9085 | D        | Killed an ancient lich
  9085 | D        | Received a gift from Okawaru
  9313 | D        | Received a gift from Okawaru
  9317 | D        | Gained mutation: You are immune to freezing clouds. [demonic ancestry]
  9317 | D        | Reached XP level 20. HP: 138/216 MP: 29/37
  9510 | D        | Reached skill level 27 in Armour
  9513 | D        | Reached skill level 1 in Short Blades
  9513 | D        | Reached skill level 1 in Spellcasting
  9520 | D        | Reached skill level 5 in Evocations
  9531 | D        | Noticed the Royal Jelly
  9533 | D        | Reached skill level 5 in Short Blades
  9533 | D        | Reached skill level 5 in Spellcasting
  9554 | D        | Killed the Royal Jelly
  9554 | D        | Received a gift from Okawaru
  9554 | D        | Reached skill level 10 in Stealth
  9554 | D        | Reached skill level 10 in Evocations
  9637 | D        | Reached skill level 10 in Short Blades
  9637 | D        | Reached skill level 10 in Spellcasting
  9643 | D        | Paralysed by a giant eyeball for 4 turns
  9699 | D        | Got a slimy rune of Zot
 10222 | D        | Reached skill level 15 in Stealth
 10254 | D        | Noticed a greater mummy
 10263 | D        | Killed a greater mummy
 10263 | D        | Received a gift from Okawaru
 10411 | D        | Noticed a greater mummy
 10411 | D        | Noticed a greater mummy
 10411 | D        | Noticed a greater mummy
 10415 | D        | Noticed a greater mummy
 10421 | D        | Noticed a greater mummy
 10432 | D        | Killed a greater mummy
 10455 | D        | Killed a greater mummy
 10910 | D        | Got an elven rune of Zot
 11136 | D        | Killed a greater mummy
 11136 | D        | Reached XP level 21. HP: 184/222 MP: 26/38
 11373 | D        | Killed a greater mummy
 11380 | D        | Killed a greater mummy
 11556 | D        | Got a golden rune of Zot
 11636 | D        | Identified the +5 scale mail of Dim Light {-Tele rElec rN+ Stlth+} (Okawaru gifted it to you in the Dungeon)
 11648 | D        | Noticed an ancient lich
 11681 | D        | Killed an ancient lich
 11708 | D        | Got an abyssal rune of Zot
 11984 | D        | Noticed Geryon
 12006 | D        | Killed Geryon
 12188 | D        | Noticed Dispater
 12188 | D        | Noticed Antaeus
 12200 | D        | Noticed Mnoleg
 12207 | D        | Noticed Asmodeus
 12228 | D        | Killed Antaeus
 12228 | D        | Received a gift from Okawaru
 12228 | D        | Reached skill level 27 in Stealth
 12246 | D        | Killed Mnoleg
 12258 | D        | HP: 5/224 [Asmodeus/blast of hellfire (32)]
 12258 | D        | Killed from afar by a hellion

Vault maps used:
D:        linesprint

Skill      XL: |  1  2  3  4  5  6  7  8  9 10 11 12 13 14 15 16 17 18 19 20 21 |
---------------+----------------------------------------------------------------+-----
Long Blades    | 3 4 6 8 10 12 15 17 20 23 25 27 | 27.0
Shields        | 5 6 9 10 11 12 13 14 16 18 21 25 27 | 27.0
Armour         | 4 5 6 8 9 10 11 12 17 26 27 | 27.0
Fighting       | 5 6 7 9 10 11 12 13 15 16 17 21 24 27 | 27.0
Dodging        | 1 2 4 5 6 8 9 10 11 13 15 16 23 27 | 27.0
Stealth        | 1 2 4 5 22 27 | 27.0
Evocations     | 1 2 3 14 19 | 19.2
Invocations    | 2 7 10 12 14 17 19 22 25 27 | 27.0
Short Blades   | 13 | 13.1
Spellcasting   | 13 | 13.1

Action                   |  1- 3 |  4- 6 |  7- 9 | 10-12 | 13-15 | 16-18 | 19-21 || total
-------------------------+-------+-------+-------+-------+-------+-------+-------++-------
Melee: Long sword        |    16 |     7 |       |       |       |       |       ||    23
       Scimitar          |       |    30 |    58 |   190 |       |       |       ||   278
       Demon blade       |       |       |       |   149 |   576 |   822 |   719 ||  2266
Invok: Heroism           |       |       |     3 |     8 |    13 |     9 |    11 ||    44
       Finesse           |       |       |       |       |     1 |     4 |    10 ||    15
Evoke: Wand              |       |     4 |     1 |     2 |       |       |     1 ||     8
       Horn of Geryon    |       |       |       |       |       |       |     1 ||     1
  Use: Potion            |       |     4 |     3 |     5 |     4 |     1 |     7 ||    24
       Scroll            |       |       |       |     3 |     7 |     8 |     2 ||    20
 Stab: Invisible         |       |       |     3 |       |       |       |       ||     3
       Sleeping          |       |       |       |     1 |       |       |     1 ||     2
       Distracted        |       |       |       |       |       |       |     1 ||     1
  Eat: Chunk             |       |       |     2 |     7 |    14 |       |     3 ||    26
       Bread ration      |       |       |       |     1 |       |     1 |     1 ||     3
       Meat ration       |       |       |       |       |     5 |     2 |     5 ||    12
       Fruit             |       |       |       |       |     1 |       |       ||     1
